 Dungeon Crawl Stone Soup version 0.24.0-41-g2ae2f7f1be (webtiles) character file.

Game seed: 12207120419382505425, levelgen mode: deterministic

258 Devinter the Slasher (level 5, -1/42 HPs)
             Began as a Demonspawn Gladiator on Dec 9, 2019.
             Was an Initiate of Okawaru.
             Slain by a gnoll
             ... wielding a +0 spear
              (3 damage)
             ... on level 4 of the Dungeon.
             The game lasted 00:24:34 (3277 turns).

Devinter the Slasher (Demonspawn Gladiator)         Turns: 3277, Time: 00:24:35

Health: -1/42      AC:  5    Str: 14    XL:     5   Next: 94%
Magic:  6/6        EV: 13    Int:  9    God:    Okawaru [......]
Gold:   177        SH:  0    Dex: 16    Spells: 4/4 levels left

rFire    . . .     SeeInvis .   a - +0 long sword
rCold    . . .     Gourm    .   (no shield)
rNeg     . . .     Faith    .   b - +0 leather armour
rPois    .         Spirit   .   (helmet restricted)
rElec    .         Reflect  .   C - +0 cloak
rCorr    +         Harm     .   q - +0 pair of gloves
MR       .....                  (no boots)
Stlth    +.........             (no amulet)
HPRegen  0.14/turn              (no ring)
MPRegen  0.10/turn              F - ring of resist corrosion

@: no status effects
A: antennae 1, powered by death 2, rot immunity
a: Renounce Religion


You were on level 4 of the Dungeon.
You worshipped Okawaru.
Okawaru was noncommittal.
You were not hungry.

You visited 1 branch of the dungeon, and saw 4 of its levels.

You collected 177 gold pieces.

Inventory:

Hand Weapons
 a - a +0 long sword (weapon)
 y - a +0 long sword
 B - a +3 quarterstaff of chaos
 E - a +2 mace of crushing
Missiles
 d - 3 throwing nets (quivered)
 h - 78 arrows
 k - 42 bolts
Armour
 b - a +0 leather armour (worn)
 q - a +0 pair of gloves (worn)
 t - a +0 pair of gloves
 C - a +0 cloak (worn)
Jewellery
 F - a ring of resist corrosion (right hand)
Scrolls
 e - a scroll of magic mapping {unknown}
 n - 6 scrolls of identify
 o - a scroll of amnesia {unknown}
 p - 2 scrolls of remove curse
 u - 2 scrolls of noise {unknown}
 w - a scroll of random uselessness {unknown}
 A - a scroll of enchant armour {unknown}
 G - a scroll of blinking {unknown}
Potions
 g - 5 potions of brilliance {unknown}
 i - a potion of lignification {unknown}
 j - 3 potions of heal wounds {unknown}
 m - 2 potions of haste {unknown}
 r - 2 potions of mutation {unknown}
 s - a potion of flight {unknown}
 v - a potion of degeneration {unknown}
 x - a potion of agility {unknown}
 z - a potion of magic {unknown}
 D - a potion of berserk rage {unknown}
Comestibles
 f - 6 rations


   Skills:
 + Level 3.9 Fighting
 * Level 4.4 Long Blades
 - Level 2.0 Throwing
 + Level 1.1 Armour
 - Level 3.0 Dodging
 + Level 2.0 Invocations


You had 4 spell levels left.
You didn't know any spells.
Your spell library was empty.

Dungeon Overview and Level Annotations

Branches:
Dungeon (4/15)
 Temple: D:4-7

Altars:
Okawaru


Innate Abilities, Weirdness & Mutations

You have a pair of small antennae on your head.
You regenerate health from kills.
You are immune to rotting.


Message History

The gnoll is moderately wounded.
The gnoll barely misses you. The gnoll hits you with a +0 halberd.
You closely miss the gnoll.
The gnoll is moderately wounded.
The gnoll misses you. The gnoll hits you but does no damage.
You barely miss the gnoll.
The gnoll is moderately wounded.
The gnoll closely misses you. The gnoll hits you with a +0 halberd!
You barely miss the gnoll.
The gnoll is moderately wounded.
The gnoll hits you from afar with a +0 spear.
* * * LOW HITPOINT WARNING * * *
You hit the gnoll.
The gnoll is heavily wounded.
The gnoll hits you from afar with a +0 spear.
* * * LOW HITPOINT WARNING * * *
The gnoll hits you with a +0 halberd.
* * * LOW HITPOINT WARNING * * *
The gnoll hits you from afar with a +0 spear.
You die...

#........#
#....##
#........#
##.....
#........#
#.####
#........#
#.#
#........#
#.#
#........#
#.#
###.#<####
#.#
#.#.#######
#.#
#.#@.......
...
#...g..#####
#.#
#.....##g#
#..... ...
#..... ?###
#..... #
#.....
#.....


You could see 2 gnolls.

Vanquished Creatures
  Crazy Yiuf (D:2)
  A worker ant (D:4)
  A hound skeleton (D:2)
  3 gnolls
  6 adders (D:2)
  3 worms
  3 dart slugs
  3 leopard geckos (D:1)
  7 orcs (D:3)
  3 giant cockroaches
  11 goblins
  4 hobgoblins
  12 jackals
  A quokka (D:3)
  10 bats
  5 frilled lizards
  5 kobolds
  10 rats
89 creatures vanquished.

Notes
Turn   | Place    | Note
-------+----------+-------------------------------------------
     0 | D:1      | Devinter the Demonspawn Gladiator began the quest for the
                  | Orb.
     0 | D:1      | Reached XP level 1. HP: 16/16 MP: 1/1
    57 | D:1      | Gained mutation: You regenerate a little health from kills.
                  | [demonic ancestry]
    57 | D:1      | Reached XP level 2. HP: 9/22 MP: 2/2
    99 | D:1      | Reached skill level 2 in Throwing
   204 | D:1      | Reached skill level 3 in Long Blades
   487 | D:1      | Gained mutation: You are immune to rotting. [demonic
                  | ancestry]
   487 | D:1      | Reached XP level 3. HP: 17/28 MP: 3/3
   512 | D:1      | Reached skill level 3 in Dodging
   660 | D:1      | Reached skill level 3 in Fighting
   917 | D:2      | Gained mutation: You regenerate health from kills. [demonic
                  | ancestry]
   917 | D:2      | Reached XP level 4. HP: 35/35 MP: 4/4
  1029 | D:2      | Found an iron altar of Okawaru.
  1048 | D:2      | Became a worshipper of Warmaster Okawaru
  1400 | D:2      | Reached skill level 1 in Invocations
  1400 | D:2      | Gained mutation: You have a pair of small antennae on your
                  | head. [demonic ancestry]
  1400 | D:2      | Reached XP level 5. HP: 41/41 MP: 5/5
  1644 | D:2      | Found a runed translucent door.
  1645 | D:2      | Noticed Crazy Yiuf
  1655 | D:2      | Killed Crazy Yiuf
  1655 | D:2      | Reached skill level 4 in Long Blades
  2689 | D:3      | Reached skill level 1 in Armour
  3271 | D:4      | Reached skill level 2 in Invocations
  3277 | D:4      | HP: 2/42 [gnoll/+0 halberd (5)]
  3277 | D:4      | Slain by a gnoll

Levels and vault maps discovered:
D:1:      mrwooster_arrival_statue_3, layout_loops_ring, minmay_heptomino_w4
D:2:      layout_loops_ring, first_ration, okawaru_gym_becter,
          uniq_crazy_yiuf_cottage
D:3:      layout_basic, minmay_strange_pillars
D:4:      layout_basic, ashenzari_conservatory_becter, minitemple

Skill      XL: |  1  2  3  4  5 |
---------------+----------------+-----
Throwing       | 2 |  2.0
Long Blades    | 3 4 |  4.4
Dodging        | 3 |  3.0
Fighting       | 3 |  3.9
Invocations    | 1 2 |  2.0
Armour         | 1 |  1.1

Action                   |  1- 3 |  4- 6 || total
-------------------------+-------+-------++-------
Melee: Long sword        |    85 |   180 ||   265
  Use: Scroll            |       |     2 ||     2
 Stab: Sleeping          |     1 |     2 ||     3
  Eat: Chunk             |       |     8 ||     8
Armor: Leather armour    |    24 |    50 ||    74
Dodge: Dodged            |    64 |   146 ||   210
       Rpst.: Long sword |    19 |    49 ||    68
